 Dungeon Crawl Stone Soup version 0.31-a0-636-ge1c0e020e0 (webtiles) character file.

Game seed: 11106161368777398050

507 thirtiethelement the Grave Robber (level 6, -15/46 HPs)
             Began as a Demonspawn Necromancer on Aug 27, 2023.
             Demolished by an ogre
             ... wielding a +0 giant club
              (25 damage)
             ... on level 4 of the Dungeon.
             The game lasted 00:18:30 (4656 turns).

thirtiethelement the Grave Robber (DsNe)            Turns: 4656, Time: 00:18:30

Health: -15/46     AC:  7    Str:  9    XL:     6   Next: 97%
Magic:  1/13       EV: 12    Int: 18    God:
Gold:   119        SH:  0    Dex: 13    Spells: 4/14 levels left

rFire   + . .        n - +2 dagger (venom)
rCold   . . .        (no shield)
rNeg    . . .        a - +0 robe
rPois   .            (no helmet)
rElec   .            d - +0 cloak
rCorr   .            (no gloves)
SInv    .            (no boots)
Will    +....        (no amulet)
Stlth   ++           k - ring of flight
HPRegen 0.27/turn    (no ring)
MPRegen 0.13/turn

%: no passive effects
@: flying
A: molten scales 3, weakness stinger 1, strong-willed 1, robust 1
a: no special abilities


You were on level 4 of the Dungeon.
You visited 1 branch of the dungeon, and saw 4 of its levels.
You also visited: Sewer.

You collected 119 gold pieces.

Inventory:

Hand Weapons
 n - a +2 dagger of venom (weapon)
Missiles
 o - 2 throwing nets
 r - 14 poisoned darts
Armour
 a - a +0 robe (worn)
 d - a +0 cloak (worn)
Jewellery
 k - a ring of flight (left hand)
Wands
 j - a wand of iceblast (13)
Scrolls
 h - a scroll of poison {unknown}
 m - 2 scrolls of amnesia {unknown}
 p - 3 scrolls of teleportation {unknown}
 s - a scroll of fog {unknown}
 t - a scroll of enchant weapon
 u - a scroll of brand weapon
Potions
 b - 4 potions of magic
 c - 6 potions of curing
 e - 2 potions of cancellation {unknown}
 f - 4 potions of haste {unknown}
 g - a potion of ambrosia {unknown}
 i - a potion of mutation
 l - 2 potions of invisibility {unknown}
 q - 2 potions of brilliance {unknown}
 v - a potion of heal wounds {unknown}
 w - a potion of lignification {unknown}
 x - a potion of degeneration {unknown}


   Skills:
 + Level 0.8 Fighting
 + Level 1.4 Short Blades
 + Level 2.1 Dodging
 + Level 2.3 Stealth
 + Level 4.7 Spellcasting
 + Level 6.7 Necromancy


You had 4 spell levels left.
You knew the following spells:

 Your Spells              Type           Power      Damage    Failure   Level
a - Necrotise             Necr           100%       1d9       1%          1
b - Vampiric Draining     Necr           28%        2d8       2%          3
c - Animate Dead          Necr           28%        N/A       9%          4
d - Call Imp              Summ           8%         N/A       21%         2

Your spell library contained the following spells:

 Spells                   Type           Power      Damage    Failure   Level
 Magic Dart               Conj           16%        1d3       14%         1
 Mephitic Cloud           Conj/Pois/Air  4%         N/A       38%         3
 Agony                    Necr           28%        N/A       24%         5


Dungeon Overview and Level Annotations

Branches:
Dungeon (4/15)              Sewer (visited)
 Temple: D:4-7

Altars:
Trog
Wu Jian

Shops:
D:4 ?


Innate Abilities, Weirdness & Mutations

You are completely covered in molten scales. (AC +4, rF+)
You have a small tail.
You are strong-willed. (Will+)
You are robust. (+10% HP)


Message History

The sleepcap is severely damaged.
The scorpion barely misses you. The ball python barely misses you.
The ball python closely misses you.
The ogre hits your kobold zombie with a +0 giant club!
Your kobold zombie is destroyed!
The sleepcap releases spores at you.
Casting: Necrotise (safe; 1% risk of failure)
Confirm with . or Enter, or press ? or * to list all spells.
Aiming: Vampiric Draining (dangerous; 2% risk of failure)
Press: ? - help, Shift-Dir - straight line, f/p - sleepcap
Aim: a sleepcap (severely damaged, very poisoned)
You draw life force from the sleepcap!
You destroy the sleepcap!
You feel life coursing into your body.
The scorpion stings you but does no damage.
The ball python barely misses you. The ball python misses you.
Your kobold zombie hits the ogre.
You hit the ball python.
You kill the ball python!
The scorpion misses you.
Your magical contamination has completely faded away.
You hit the scorpion but do no damage.
The scorpion is poisoned.
The scorpion stings you.
Your kobold zombie barely misses the ogre.
The scorpion stings you.
You barely miss the scorpion.
The scorpion is lightly wounded.
The scorpion barely misses you.
You hit the scorpion but do no damage.
The scorpion is moderately wounded.
The ogre hits you with a +0 giant club!!
Ouch! That really hurt!
* * * LOW HITPOINT WARNING * * *
The scorpion stings you but does no damage.
Your kobold zombie hits the ogre but does no damage.
You see here a giant cockroach corpse.
The ogre attacks as it pursues you!
The ogre hits you with a +0 giant club!!
Ouch! That really hurt!
You die...

..........##..........#
......)....#.....###....
.....).∩...##....#.!.#..
..........###.......#..
#.......#..#.....###. .
###.....#......>.# ..
#.......#........#
...#...................
.......s@..........#...
. .##...†O.#############
....#......##
.........Z..#
#......$...##
..........<#
.#.........# #........##
##........


You could see an ogre (ally target), a scorpion (very poisoned) and a friendly
kobold zombie.

Vanquished Creatures
  2 kobold brigands (Sewer)
  2 orc priests (D:3)
  A hound (D:4)
  A sleepcap (D:4)
  Terence (D:2)
  2 orc wizards (D:3)
  3 gnolls (D:2)
  2 river rats (D:3)
  4 adders
  3 dart slugs
  4 orcs (D:3)
  7 bats
  5 endoplasms
  5 giant cockroaches
  5 goblins
  A hobgoblin (D:3)
  4 jackals (D:3)
  12 kobolds
  A quokka (D:2)
  11 ball pythons
  4 frilled lizards
  7 rats
87 creatures vanquished.

Vanquished Creatures (collateral kills)
  A worm (Sewer)
  A dart slug (D:3)
  A ball python (Sewer)
  A giant cockroach (D:3)
  A quokka (D:3)
  4 kobolds
  A rat (D:3)
10 creatures vanquished.

Vanquished Creatures (others)
  A hound zombie (D:4)
  An orc (D:3)
  2 ball python zombies (Sewer)
  A kobold zombie (D:4)
  4 orc zombies (D:3)
9 creatures vanquished.

Grand Total: 106 creatures vanquished

Notes
Turn   | Place    | Note
-------+----------+-------------------------------------------
     0 | D:1      | thirtiethelement the Demonspawn Necromancer began the quest
                  | for the Orb.
     0 | D:1      | Reached XP level 1. HP: 13/13 MP: 3/3
   320 | D:1      | Gained mutation: You are partially covered in molten
                  | scales. (AC +2) [demonic ancestry]
   320 | D:1      | Reached XP level 2. HP: 14/19 MP: 0/5
   797 | D:1      | Reached skill level 5 in Necromancy
  1895 | D:2      | Noticed Terence
  1918 | D:2      | Killed Terence
  1919 | D:2      | Reached XP level 3. HP: 4/24 MP: 0/6
  2095 | D:2      | Learned a level 3 spell: Vampiric Draining
  2118 | D:2      | Gained mutation: You have a small tail. [demonic ancestry]
  2118 | D:2      | Reached XP level 4. HP: 30/30 MP: 3/8
  2480 | D:2      | Found an ornate altar of the Wu Jian Council.
  2501 | D:2      | Learned a level 4 spell: Animate Dead
  3021 | D:3      | Found a glowing drain.
  3034 | D:3      | Gained mutation: You are mostly covered in molten scales.
                  | (AC +3) [demonic ancestry]
  3034 | D:3      | Reached XP level 5. HP: 36/36 MP: 0/10
  3044 | Sewer    | Entered a sewer
  3239 | Sewer    | Reached skill level 6 in Necromancy
  3248 | Sewer    | Gained mutation: You are completely covered in molten
                  | scales. (AC +4, rF+) [demonic ancestry]
  3248 | Sewer    | Reached XP level 6. HP: 18/42 MP: 5/12
  3263 | Sewer    | Gained mutation: Your spells are a little easier to cast,
                  | but a little less powerful. [potion of mutation]
  3263 | Sewer    | Gained mutation: You are agile. (Dex +4, Str/Int -1)
                  | [potion of mutation]
  3264 | Sewer    | Lost mutation: Your spells are a little easier to cast, but
                  | a little less powerful. [potion of mutation]
  3264 | Sewer    | Lost mutation: You are agile. (Dex +4, Str/Int -1) [potion
                  | of mutation]
  3264 | Sewer    | Gained mutation: You are robust. (+10% HP) [potion of
                  | mutation]
  3264 | Sewer    | Gained mutation: You are dopey. (Int -2) [potion of
                  | mutation]
  3264 | Sewer    | Lost mutation: You are dopey. (Int -2) [potion of mutation]
  3264 | Sewer    | Gained mutation: You are strong-willed. (Will+) [potion of
                  | mutation]
  3543 | D:3      | Found a bloodstained altar of Trog.
  3626 | D:3      | Reached skill level 1 in Short Blades
  4314 | D:3      | Learned a level 2 spell: Call Imp
  4621 | D:4      | Found Gappiqiz's Magic Scroll Emporium.
  4656 | D:4      | Demolished by an ogre

Illustrated notes

Levels and vault maps discovered:
D:1:      dpeg_arrival_three_same_balls, layout_basic, serial_forest,
          infiniplex_forest_end_1, infiniplex_forest_straight_4,
          infiniplex_forest_clump_tiny, infiniplex_forest_split,
          minmay_misc_feat_five, st_stairs_13, dk_noncrumbling_4
D:2:      layout_basic, basic_altar, uniq_terence
D:3:      layout_basic, nicolae_overflow_crystal_walls, portal_sewer_entry_b,
          hex_medium
D:4:      layout_cave_pools, grunt_nemelex_the_gamble, tso_metal_star,
          mainiacjoe_overflow_alcove_1, mainiacjoe_overflow_tiny_flanked,
          serial_shops, shop, uniq_pikel, uniq_menkaure, uniq_crazy_yiuf_cottage

Skill      XL: |  1  2  3  4  5  6 |
---------------+-------------------+-----
Necromancy     | 5 6 |  6.7
Stealth        | 2 |  2.3
Dodging        | 2 |  2.1
Spellcasting   | 3 4 |  4.7
Short Blades   | 1 |  1.4
Fighting       | |  0.8

Action                     |  1- 3 |  4- 6 || total
---------------------------+-------+-------++-------
  Melee: Short sword       |   672 |       ||   672
         Dagger            |    16 |    83 ||    99
         Punch             |    14 |     2 ||    16
         Tailslap          |       |    10 ||    10
   Cast: Necrotise         |    44 |    82 ||   126
         Vampiric Draining |       |     7 ||     7
         Animate Dead      |       |     5 ||     5
         Call Imp          |       |     2 ||     2
    Use: Scroll            |       |     4 ||     4
         Potion            |       |     2 ||     2
   Stab: Sleeping          |       |     3 ||     3
         Distracted        |       |     1 ||     1
 Armour: Robe              |     3 |    33 ||    36
  Dodge: Dodged            |    20 |    74 ||    94

Table legend: (Time is in decaauts)
 A = Elapsed time spent in this place.
 B = Non-inter-level travel time spent in this place.
 C = Inter-level travel time spent in this place.
 D = Time resting spent in this place.
 E = Time spent auto-exploring this place.
 F = Levels seen in this place.
 G = Mean time per level.
                   A        B        C        D        E       F      G
               +--------+--------+--------+--------+--------+-----+--------+
         Total |   4649 |   4575 |     74 |      0 |   2986 |   5 |  929.8 |
       Dungeon |   4184 |   4110 |     74 |      0 |   2709 |   4 | 1046.0 |
         Sewer |    464 |    464 |      0 |      0 |    277 |   1 |  464.0 |
               +--------+--------+--------+--------+--------+-----+--------+

Top non-repeatable levels by time:
     D:1: 1628 daAuts
     D:2: 1323 daAuts
     D:3: 1179 daAuts
   Sewer: 464 daAuts
     D:4: 53 daAuts
